 Dungeon Crawl Stone Soup version 0.29-a0-2-g12fcac58f8 (webtiles) character file.

Game seed: 16865087006456283975

2 cyrus the Chiller (level 1, -2/15 HPs)
             Began as a Naga Ice Elementalist on Jan 27, 2022.
             Slain by a ball python (3 damage)
             ... on level 1 of the Dungeon.
             The game lasted 00:01:34 (109 turns).

cyrus the Chiller (Naga Ice Elementalist)            Turns: 109, Time: 00:01:35

Health: -2/15      AC:  1    Str: 10    XL:     1   Next: 40%
Magic:  2/3        EV:  9    Int: 15    God:
Gold:   16         SH:  0    Dex: 11    Spells: 3/4 levels left

rFire   . . .      SeeInvis +   (no weapon)
rCold   . . .      Faith    .   (no shield)
rNeg    . . .      Spirit   .   a - +0 robe
rPois   +          Reflect  .   (no helmet)
rElec   .          Harm     .   (no cloak)
rCorr   .          Rampage  .   (no gloves)
Will    .....                   (no barding)
Stlth   ++........              (no amulet)
HPRegen 0.05/turn               (no ring)
MPRegen 0.08/turn               (no ring)

@: very slow
A: AC +0, large, see invisible, deformed body, poison resistance, slowness 2,
spit poison 1, naga tail 1
a: Spit Poison


You were on level 1 of the Dungeon.
You visited 1 branch of the dungeon, and saw 1 of its levels.

You collected 16 gold pieces.

Inventory:

Armour
 a - a +0 robe (worn)
Scrolls
 b - a scroll of fear {unknown}


   Skills:
 + Level 1.5 Dodging
 + Level 3.1 Stealth
 + Level 2.1 Spellcasting
 + Level 4.0 Ice Magic


You had 3 spell levels left.
You knew the following spells:

 Your Spells              Type           Power      Damage    Failure   Level
a - Freeze                Ice            52%        1d7       4%          1

Your spell library contained the following spells:

 Spells                   Type           Power      Damage    Failure   Level
 Frozen Ramparts          Ice            26%        1d4       13%         3
 Ozocubu's Armour         Ice            13%        N/A       13%         3
 Hailstorm                Conj/Ice       7%         3d4       67%         4


Dungeon Overview and Level Annotations

Branches:
Dungeon (1/15)

Altars:

Shops:
D:1 (


Innate Abilities, Weirdness & Mutations

Your serpentine skin is tough. (AC +0)
You have supernaturally acute eyesight. (SInv)
Armour fits poorly on your strangely shaped body.
Your system is resistant to poisons. (rPois)
You cover ground very slowly.
You can spit poison.
You have a snake-like lower body.


Message History

Found a scroll labelled ATTUER JICOADYD.
A goblin is nearby!
The goblin shouts!
A ball python comes into view.
Casting: Freeze (safe; 4% risk of failure)
Confirm with . or Enter, or press ? or * to list all spells.
You can't see any susceptible monsters within range! (Use Z to cast anyway.)
The goblin closely misses you.
You hit the goblin.
The goblin is moderately wounded.
The goblin hits you with a +0 dagger.
Casting: Freeze (safe; 4% risk of failure)
Confirm with . or Enter, or press ? or * to list all spells.
Aiming: Freeze (safe; 4% risk of failure)
Press: ? - help, Shift-Dir - straight line, f - goblin
Aim: a goblin, wielding a +0 dagger (moderately wounded)
You freeze the goblin.
The goblin is heavily wounded.
The goblin hits you with a +0 dagger.
You barely miss the goblin.
The goblin is heavily wounded.
The goblin hits you with a +0 dagger.
You closely miss the goblin.
The goblin is heavily wounded.
The ball python barely misses you. The goblin hits you with a +0 dagger.
You hit the goblin.
The goblin is severely wounded.
The ball python completely misses you. The goblin hits you but does no damage.
You hit the goblin.
You kill the goblin!
The ball python barely misses you. The ball python bites you. x2
* * * LOW HITPOINT WARNING * * *
You see here a +0 dagger.
The ball python barely misses you. x2
You see here 14 sling bullets.
The ball python bites you.
* * * LOW HITPOINT WARNING * * *
You barely miss the ball python. The ball python bites you.
You die...

#....†...#.#
#.)##......######
##.#######......####
#.# ######.##.. #.#
#.##.# #.########
#.##.# #........#
#.##.# #..).....#
#.##.#
#...S@...#####.##.####
#.....................
#........########.###.
#.........# #.......
#.#.....?.# #.#.###.
#.####.#### #.#.# #.
#. #.# # #.# #. #.#
#.# #. #.# #.


You could see a ball python.

Vanquished Creatures
  A goblin (D:1)
  A frilled lizard (D:1)
  A rat (D:1)
3 creatures vanquished.

Notes
Turn   | Place    | Note
-------+----------+-------------------------------------------
     0 | D:1      | cyrus the Naga Ice Elementalist began the quest for the
                  | Orb.
     0 | D:1      | Reached XP level 1. HP: 15/15 MP: 3/3
    74 | D:1      | Found Etsosyuk's Antique Weapon Boutique.
   109 | D:1      | Slain by a ball python

Illustrated notes

Levels and vault maps discovered:
D:1:      psy_arrival_radial01, layout_loops_ring, serial_shops,
          nicolae_shop_advertising_works [nicolae_subvault_shop_adworks],
          shapermc_ecumenical_altar_totnotflames

Action                   || total
-------------------------++-------
Melee: Unarmed           ||     6
 Cast: Freeze            ||     3
Armor: Robe              ||     1
Dodge: Dodged            ||     8

Table legend: (Time is in decaauts)
 A = Elapsed time spent in this place.
 B = Non-inter-level travel time spent in this place.
 C = Inter-level travel time spent in this place.
 D = Time resting spent in this place.
 E = Time spent auto-exploring this place.
 F = Levels seen in this place.
 G = Mean time per level.
                   A        B        C        D        E       F      G
               +--------+--------+--------+--------+--------+-----+--------+
         Total |    138 |    138 |      0 |      0 |     63 |   1 |  138.0 |
       Dungeon |    138 |    138 |      0 |      0 |     63 |   1 |  138.0 |
               +--------+--------+--------+--------+--------+-----+--------+

Top non-repeatable levels by time:
     D:1: 138 daAuts
